 Dungeon Crawl Stone Soup version 0.17-a0-18-gc25b939 (webtiles) character file.

96 Ngotmuk the Skirmisher (level 4, -3/39 HPs)
             Began as a Human Fighter on Mar 12, 2015.
             Was an Initiate of Okawaru.
             Slain by Natasha (6 damage)
             ... on level 3 of the Dungeon.
             The game lasted 00:07:26 (2184 turns).

Ngotmuk the Skirmisher (Human Fighter)              Turns: 2184, Time: 00:07:26

Health: -3/39      AC:  7    Str: 17    XL:     4   Next: 98%
Magic:  4/4        EV:  7    Int:  9    God:    Okawaru [......]
Gold:   148        SH:  9    Dex: 12    Spells: 0 memorised, 3 levels left

rFire  . . .     SeeInvis .     o - +0 mace
rCold  . . .     Clarity  .     b - +0 scale mail
rNeg   . . .     SustAb   .     c - +0 shield
rPois  +         Gourm    .     h - +1 hat
rElec  .         Spirit   .     (no cloak)
rCorr  .         Warding  .     (no gloves)
rMut   .         Stasis   .     (no boots)
MR     +....                    (no amulet)
Stlth  ..........               m - ring of protection from magic
                                l - ring of poison resistance

@: somewhat resistant to hostile enchantments, extremely unstealthy
A: no striking features
a: Renounce Religion


You were on level 3 of the Dungeon.
You worshipped Okawaru.
Okawaru was noncommittal.
You were very hungry.

You visited 1 branch of the dungeon, and saw 3 of its levels.

You collected 148 gold pieces.

Inventory:

Hand weapons
 a - a +0 war axe
 o - a +0 mace (weapon)
Armour
 b - a +0 scale mail (worn)
 c - a +0 shield (worn)
 h - a +1 hat (worn)
Jewellery
 l - a ring of poison resistance (left hand)
 m - a ring of protection from magic (right hand)
 s - an uncursed ring of positive energy
Magical devices
 n - a wand of confusion (14)
Scrolls
 g - 6 scrolls of identify
 j - 2 scrolls of remove curse {unknown}
 k - 2 scrolls of fog {unknown}
 r - a scroll of amnesia {unknown}
 t - a scroll of enchant armour {unknown}
 u - a scroll of teleportation {unknown}
 x - a scroll of enchant weapon {unknown}
Potions
 e - a potion of might
 f - 2 potions of curing {unknown}
 i - 3 potions of brilliance {unknown}
 p - a potion of agility {unknown}
 v - a potion of magic {unknown}
Comestibles
 d - 2 bread rations
 q - 2 fruits
 w - a meat ration
 z - a beef jerky


   Skills:
 + Level 5.2 Fighting
 - Level 2.0 Axes
 - Level 3.0 Armour
 - Level 3.0 Shields


You had 3 spell levels left.
You didn't know any spells.

Dungeon Overview and Level Annotations

Branches:
Dungeon (3/15)

Altars:
Dithmenos
Okawaru
Ru
Sif Muna
Vehumet
Xom

Annotations:
D:3 Natasha


Message History

You closely miss Natasha. Natasha claws you. The shadow imp hits you.
Natasha stares at you.
You feel troubled. Natasha claws you.
Your scale mail prevents you from hitting Natasha.
Natasha claws you but does no damage. You block the shadow imp's attack.
Natasha claws you.
The shadow imp hits you but does no damage.
You closely miss Natasha. Natasha claws you. You block Natasha's attack.
The shadow imp hits you but does no damage.
You closely miss Natasha. Natasha casts a spell at you.
The magic dart hits you! The shadow imp barely misses you. Natasha claws you.
* * * LOW HITPOINT WARNING * * *
You hit Natasha but do no damage.
Natasha stares at you and mumbles some strange words.
The magic dart hits you!
* * * LOW HITPOINT WARNING * * *
The shadow imp barely misses you. Natasha claws you.
You die...

#.# ########## #.#
#....#...######### ####
##.####....#...#......... .....
...#...................... ......
####.............................
#.............................
####.............................
...#...........5.....##+####.....
##.#...........h@....##.#........
...'..........<......##'#........
.#.#......###..........[.........
.#.#...........#.................
.#.#.............................
...#..............#...###........
####..####.......................
.................#..........#####
..........._.....+...............


You could see Natasha and a shadow imp.

Vanquished Creatures
  Natasha (twice) (D:3)
  An adder (D:2)
  A giant mite (D:2)
  2 giant geckos
  An ooze (D:2)
  2 orcs (D:3)
  3 giant cockroaches
  3 goblins
  6 hobgoblins
  3 jackals (D:3)
  A ball python (D:2)
  4 bats
  A giant newt (D:2)
  4 kobolds
  2 quokkas (D:2)
  6 rats
  A plant (D:1)
43 creatures vanquished.

Vanquished Creatures (others)
  A plant (D:1)
1 creature vanquished.

Grand Total: 44 creatures vanquished

Notes
Turn   | Place    | Note
--------------------------------------------------------------
     0 | D:1      | Ngotmuk, the Human Fighter, began the quest for the Orb.
     0 | D:1      | Reached XP level 1. HP: 18/18 MP: 1/1
   236 | D:1      | Reached XP level 2. HP: 16/24 MP: 2/2
   829 | D:2      | Reached skill level 4 in Fighting
   829 | D:2      | Reached XP level 3. HP: 22/30 MP: 3/3
  1000 | D:2      | Found an iron altar of Okawaru.
  1005 | D:2      | Became a worshipper of Warmaster Okawaru
  1373 | D:2      | Reached XP level 4. HP: 33/38 MP: 4/4
  1527 | D:3      | Noticed Natasha
  1540 | D:3      | Killed Natasha
  1540 | D:3      | Reached skill level 5 in Fighting
  1545 | D:3      | HP: 1/39 [orc (2)]
  1823 | D:3      | Found a radiant altar of Vehumet.
  1828 | D:3      | Found a deep blue altar of Sif Muna.
  1854 | D:3      | Found a shimmering altar of Xom.
  1881 | D:3      | Noticed Natasha
  1888 | D:3      | Killed Natasha
  2143 | D:3      | Found a shadowy altar of Dithmenos.
  2143 | D:3      | Found a sacrificial altar of Ru.
  2176 | D:3      | Noticed Natasha
  2184 | D:3      | Slain by Natasha

Action                   |  1- 3 |  4- 6 || total
-------------------------+-------+-------++-------
Melee: War axe           |   126 |       ||   126
       Mace              |    41 |    60 ||   101
  Use: Scroll            |     1 |       ||     1
  Eat: Beef jerky        |     1 |       ||     1
       Fruit             |       |     2 ||     2
